 Dungeon Crawl Stone Soup version 0.16.1-12-gf5c4a84 (webtiles) character file.

221 jacksonaction the Conjurer (level 5, 0/31 HPs)
             Began as an Octopode Conjurer on Apr 9, 2015.
             Succumbed to a worker ant's poison
             ... on level 3 of the Dungeon.
             The game lasted 00:22:45 (3529 turns).

jacksonaction the Conjurer (Octopode Conjurer)      Turns: 3529, Time: 00:22:45

Health: 0/31       AC:  1    Str:  7    XL:     5   Next: 98%
Magic:  1/11       EV: 12    Int: 18    God:
Gold:   102        SH:  0    Dex: 13    Spells: 3 memorised, 3 levels left

rFire  . . .     SeeInvis .     (no weapon)
rCold  . . .     Clarity  .     (no shield)
rNeg   . . .     SustAb   .     (helmet restricted)
rPois  .         Gourm    .     (no amulet)
rElec  .         Spirit   .     (no ring)
rCorr  .         Warding  .     (no ring)
rMut   .         Stasis   .     (no ring)
MR     .....                    (no ring)
Stlth  +++.......               (no ring)
                                (no ring)
                                (no ring)
                                (no ring)

@: lethally poisoned (0 -> -12), not resistant to hostile enchantments, fairly
stealthy
A: almost no armour, amphibious, 8 rings, constrict 8, camouflage 1, gelatinous
body 1
a: no special abilities


You were on level 3 of the Dungeon.
You were not hungry.

You visited 1 branch of the dungeon, and saw 4 of its levels.

You collected 102 gold pieces.

Inventory:

Missiles
 j - 51 stones
 p - 10 javelins (quivered)
 L - 19 poisoned needles
Jewellery
 d - an uncursed ring of stealth {unknown}
Scrolls
 a - 4 scrolls of identify {unknown}
 f - 3 scrolls of fear {unknown}
 i - 2 scrolls of random uselessness {unknown}
 l - 3 scrolls of enchant weapon {unknown}
 v - a scroll of magic mapping {unknown}
 G - a scroll of remove curse {unknown}
 M - a scroll of enchant armour {unknown}
 U - a scroll of recharging {unknown}
 Z - a scroll of teleportation {unknown}
Potions
 k - a potion of magic {unknown}
 q - a potion of haste
 r - a potion of flight {unknown}
 K - a potion of brilliance {unknown}
 N - a potion of poison {unknown}
 Q - a potion of cure mutation
 S - 2 potions of curing {unknown}
Books
 c - a book of Conjurations

   Spells                             Type                      Level
   a - Magic Dart                     Conjuration                  1
   b - Searing Ray                    Conjuration                  2
   c - Dazzling Spray                 Conjuration/Hexes            3
   d - Fulminant Prism                Conjuration/Hexes            4
   e - Iskenderun's Mystic Blast      Conjuration                  4
   f - Iskenderun's Battlesphere      Conjuration/Charms           5
Comestibles
 b - 3 bread rations
 t - 3 meat rations
 C - a beef jerky
 H - 6 fruits


   Skills:
 - Level 2.0 Dodging
 - Level 2.6 Stealth
 - Level 3.6 Spellcasting
 - Level 6.0 Conjurations


You had 3 spell levels left.
You knew the following spells:

 Your Spells              Type           Power        Failure   Level  Hunger
a - Magic Dart            Conj           ####         1%          1    None
b - Searing Ray           Conj           ####..       1%          2    ##.....
c - Iskenderun's Battles  Conj/Chrm      ##......     97%         5    ######.


Dungeon Overview and Level Annotations

Branches:
Dungeon (4/15)
 Temple: D:4-7

Altars:


Innate Abilities, Weirdness & Mutations

You cannot wear most types of armour.
You are amphibious.
You can wear up to eight rings at the same time.
You can use your tentacles to constrict many enemies at once.
Your skin changes colour to match your surroundings (Stealth).
Your rubbery body absorbs attacks (AC +1).


Message History

You feel sick. The worker ant bites you.
The searing ray misses the worker ant.
The worker ant bites you!
* * * LOW HITPOINT WARNING * * *
The worker ant misses you.
Casting: Searing Ray
Confirm with . or Enter, or press ? or * to list all spells.
Okay, then.
You tentacle-slap the worker ant but do no damage.
You grab the worker ant.
The worker ant is almost dead.
You constrict the worker ant, but do no damage.
* * * LOW HITPOINT WARNING * * *
You feel sick. The worker ant bites you.
* * * LOW HITPOINT WARNING * * *
You are more poisoned.
The worker ant poisons you!
Drink which item? (? for menu, Esc to quit)
It was a potion of cure mutation.
It has a very clean taste.
You constrict the worker ant, but do no damage.
You die...

.....# ..# #.#.#
......# #.# #.#.#
.......# #.###.#.#
#.......# #..##.#.#
........# ##.##...#
........#####..#..###
.....................#
.......#.#a#.#.#.#...#
#.......รท.@.........#
........#.#.#.#.#....#
#####............####
#...###.......# #####
#....[..# #.....>.#
#.......# #.......#
#.......#


You could see a worker ant.

Vanquished Creatures
  A giant frog (D:3)
  Jessica (D:2)
  6 adders
  A worm (D:4)
  An adder skeleton (D:4)
  3 giant geckos
  3 oozes
  6 orcs
  4 bats
  2 giant cockroaches
  6 goblins
  11 hobgoblins
  A ball python (D:3)
  5 giant newts
  7 kobolds
  8 rats
66 creatures vanquished.

Notes
Turn   | Place    | Note
--------------------------------------------------------------
     0 | D:1      | jacksonaction, the Octopode Conjurer, began the quest for the Orb.
     0 | D:1      | Reached XP level 1. HP: 11/11 MP: 3/3
   271 | D:1      | Reached XP level 2. HP: 17/17 MP: 1/4
   940 | D:1      | Reached XP level 3. HP: 21/21 MP: 4/6
   963 | D:1      | Learned a level 2 spell: Searing Ray
  1189 | D:1      | Reached skill level 5 in Conjurations
  1913 | D:2      | Noticed Jessica
  1916 | D:2      | Killed Jessica
  1916 | D:2      | Reached XP level 4. HP: 27/27 MP: 3/7
  2234 | D:3      | Noticed a giant frog
  2652 | D:4      | Reached skill level 6 in Conjurations
  2804 | D:4      | Noticed a phantom
  2826 | D:4      | Reached XP level 5. HP: 31/31 MP: 7/9
  2835 | D:4      | Learned a level 5 spell: Iskenderun's Battlesphere
  3291 | D:3      | Killed a giant frog
  3528 | D:3      | HP: 1/31 [worker ant (4)]
  3529 | D:3      | Succumbed to a worker ant's poison

Action                   |  1- 3 |  4- 6 || total
-------------------------+-------+-------++-------
Melee: Unarmed           |     1 |    23 ||    24
Throw: Stone             |    29 |     5 ||    34
       Javelin           |       |     2 ||     2
 Cast: Magic Dart        |    69 |    42 ||   111
       Searing Ray       |       |    19 ||    19
  Use: Potion            |       |     1 ||     1
  Eat: Chunk             |     3 |     7 ||    10
